AoeStats
← Ndrangheta

Arena

509202550Analyzed
3v3 RM · 7d ago on Sep 25, 2026· 42m 2s· 6 players
Game mode
Random Map
Map size
Normal (6 player)
Population
200
Speed
Normal
Resources
Standard
Victory
Conquest
Starting age
Dark Age
Ending age
Imperial Age
RankedLock teamsTeams togetherTeam positionsShared explorationLock speedFull tech treeHidden civsTurbo modeCheats
Victory
Defeat
🇺🇾 Khmer · Uruguay
1358
+15
🇵🇪 Japanese · Peru
1279
+18
🇫🇷 Huns · France
1182
+22
🇦🇷 Danes · Argentina
1379
-21
🇦🇷 Bohemians · Argentina
1353
-19
🇦🇷 Persians · Argentina
1244
-15
Atès
10:51 Feudal Age
14:13 Castle Age
12:10 Horse Collar
12:40 Double-Bit Axe
20:38 Stone Mining
22:45 Heavy Plow
23:23 Forging
23:12 Gold Mining
23:47 Loom
24:11 Marauders
25:03 Wheelbarrow
25:22 Scale Barding Armor
27:11 Husbandry
27:28 Bloodlines
27:19 Husbandry
28:48 Iron Casting
33:10 Imperial Age
30:58 Hand Cart
31:53 Chain Barding Armor
33:07 Fletching
33:17 Padded Archer Armor
33:19 Elite Tarkan
34:20 Conscription
34:22 Heavy Cavalry Archer
37:15 Parthian Tactics
37:52 Bodkin Arrow
38:13 Leather Archer Armor
42:24 Bracer
PMA
11:38 Feudal Age
14:26 Castle Age
12:13 Horse Collar
12:51 Double-Bit Axe
15:13 Heavy Plow
15:26 Bow Saw
22:45 Wheelbarrow
24:32 Hand Cart
24:18 Loom
25:27 Fletching
29:30 Imperial Age
29:17 Town Watch
30:18 Ballistics
30:51 Bodkin Arrow
31:51 Gold Mining
32:56 Conscription
32:42 Double Crossbow
34:22 Chemistry
33:45 Husbandry
33:55 Bloodlines
34:01 Elite Ballista Elephant
36:24 Scale Barding Armor
40:24 Chain Barding Armor
brayanis_12
7:32 Loom
9:42 Feudal Age
14:23 Castle Age
12:19 Double-Bit Axe
12:44 Horse Collar
15:29 Bow Saw
20:31 Town Watch
24:08 Heavy Plow
29:46 Imperial Age
28:20 Wheelbarrow
28:05 Scale Mail Armor
28:17 Gold Mining
28:51 Squires
28:37 Arson
29:45 Yasama
30:03 Chain Mail Armor
31:14 Plate Mail Armor
31:14 Hand Cart
31:34 Forging
33:21 Iron Casting
32:39 Gambesons
34:05 Chemistry
33:02 Stone Mining
33:48 Gold Shaft Mining
33:59 Elite Samurai
35:15 Hoardings
36:32 Blast Furnace
35:12 Pikeman
35:55 Halberdier
39:21 Two-Man Saw
40:23 Town Patrol
Kung Führer
10:59 Feudal Age
14:56 Castle Age
15:32 Double-Bit Axe
17:59 Horse Collar
23:07 Bow Saw
23:20 Loom
24:12 Wheelbarrow
24:55 Heavy Plow
26:23 Hand Cart
25:54 Town Watch
30:14 Imperial Age
27:48 Gold Mining
27:48 Stone Mining
31:01 Guilds
32:19 Two-Man Saw
31:50 Crop Rotation
32:27 Conscription
32:42 Forging
32:37 Scale Barding Armor
33:49 Ballistics
34:30 Chemistry
34:28 Iron Casting
34:38 Chain Barding Armor
34:52 Elite War Elephant
36:59 Blast Furnace
39:11 Kamandaran
39:20 Scale Mail Armor
39:12 Fletching
39:23 Padded Archer Armor
39:29 Crossbowman
40:44 Thumb Ring
40:37 Bodkin Arrow
40:58 Leather Archer Armor
42:25 Plate Barding Armor
42:08 Leather Archer Armor
Ndrangheta
10:53 Feudal Age
11:46 Loom
14:59 Castle Age
14:13 Double-Bit Axe
14:09 Horse Collar
23:11 Wheelbarrow
23:59 Town Watch
28:19 Imperial Age
27:02 Hand Cart
28:00 Scale Mail Armor
28:10 Forging
27:22 Pikeman
28:02 Squires
29:36 Chain Mail Armor
29:08 Arson
28:45 Halberdier
29:59 Bow Saw
30:56 Conscription
31:23 Heavy Plow
33:06 Plate Mail Armor
33:14 Iron Casting
34:41 Fletching
35:55 Chemistry
35:01 Siege Engineers
35:07 Masonry
35:56 Scale Barding Armor
36:15 Elite Hussite Wagon
37:18 Bodkin Arrow
38:58 Hussite Reforms
39:02 Wagenburg Tactics
41:12 Blast Furnace
40:33 Chain Barding Armor
40:15 Bracer
40:53 Ballistics
41:03 Architecture
Caña con ruda
9:12 Loom
10:59 Feudal Age
12:19 Double-Bit Axe
14:55 Castle Age
13:04 Horse Collar
16:13 Bow Saw
17:44 Wheelbarrow
20:04 Arson
22:39 Loom
23:10 Hand Cart
23:14 Forging
24:49 Scale Mail Armor
25:57 Chain Mail Armor
26:32 Squires
33:01 Hamask
36:42 Iron Casting
Connection lost

Rejoining the realm…

Still unreachable

The connection could not be restored.

Session expired

The server has moved on; the page needs a fresh start.